AoeStats
← MCGooser

Black Forest

509606168Analyzed
4v4 RM · 4d ago on Sep 27, 2026· 67m 25s· 8 players
Game mode
Random Map
Map size
Large (8 player)
Population
200
Speed
Normal
Resources
Standard
Victory
Conquest
Starting age
Dark Age
Ending age
Imperial Age
RankedLock teamsTeams togetherTeam positionsShared explorationLock speedFull tech treeHidden civsTurbo modeCheats
Victory
Defeat
🇫🇷 Burgundians · France
917
+14
🇨🇦 Japanese · Canada
899
+15
🇷🇺 Britons · Russia
866
+18
🇭🇷 Slavs · Croatia
865
+17
🇨🇳 Khmer · China
907
-20
🇻🇳 Huns · Vietnam
900
-17
🇨🇳 Burgundians · China
881
-16
🇮🇩 Byzantines · Indonesia
836
-14
Veluxz
12:02 Feudal Age
14:29 Horse Collar
16:52 Castle Age
16:00 Double-Bit Axe
16:54 Stone Mining
21:05 Sanctity
22:53 Heavy Plow
22:45 Gold Mining
23:40 Bow Saw
26:35 Gold Shaft Mining
28:59 Imperial Age
28:59 Wheelbarrow
28:41 Elite Skirmisher
29:16 Fletching
30:30 Crop Rotation
32:32 Forging
32:18 Bodkin Arrow
32:08 Treadmill Crane
34:47 Hand Cart
34:58 Padded Archer Armor
36:01 Chemistry
36:04 Iron Casting
36:41 Stone Shaft Mining
37:12 Caravan
37:26 Thumb Ring
37:23 Bracer
37:39 Leather Archer Armor
39:39 Two-Man Saw
40:16 Arson
39:53 Elite Varangian Guard
40:35 Squires
40:22 Gambesons
40:42 Scale Mail Armor
41:12 Ring Archer Armor
41:34 Logistica
43:12 Hoardings
43:02 Ballistics
43:17 Chain Mail Armor
46:49 Elite Cataphract
55:06 Murder Holes
64:07 Fortified Wall
64:08 Careening
64:02 Pikeman
65:26 Halberdier
hayate kokoa
0:29 Loom
6:50 Double-Bit Axe
13:03 Feudal Age
13:48 Horse Collar
19:27 Castle Age
18:14 Gold Mining
18:18 Stone Mining
27:32 Heavy Plow
31:26 Imperial Age
28:44 Town Watch
29:47 Wheelbarrow
31:15 Town Patrol
31:56 Stone Shaft Mining
31:57 Gold Shaft Mining
31:32 Burgundian Vineyards
32:00 Husbandry
31:20 Cavalier
33:17 Hand Cart
32:33 Elite Skirmisher
33:30 Bow Saw
34:37 Chemistry
33:51 Fortified Wall
34:35 Forging
34:31 Scale Barding Armor
34:26 Padded Archer Armor
34:17 Fletching
34:50 Conscription
35:13 Crop Rotation
34:56 Paladin
36:45 Iron Casting
36:34 Chain Barding Armor
37:35 Bodkin Arrow
37:56 Leather Archer Armor
37:55 Guilds
37:46 Caravan
39:39 Devotion
43:35 Blast Furnace
42:58 Light Cavalry
43:29 Hussar
52:26 Two-Man Saw
LE MINH NHAT
10:49 Feudal Age
12:48 Double-Bit Axe
15:55 Castle Age
17:03 Bow Saw
19:28 Horse Collar
23:31 Heavy Plow
26:32 Gold Mining
26:35 Stone Mining
28:15 Gold Shaft Mining
29:03 Wheelbarrow
28:54 Caravan
30:06 Hand Cart
30:40 Scale Barding Armor
30:45 Forging
32:19 Husbandry
32:46 Chain Barding Armor
33:02 Iron Casting
31:49 Pikeman
35:44 Imperial Age
34:21 Squires
34:31 Marauders
35:36 Scale Mail Armor
35:37 Padded Archer Armor
35:27 Fletching
35:53 Bloodlines
36:56 Conscription
37:20 Plate Barding Armor
37:46 Blast Furnace
36:20 Elite Tarkan
37:52 Chain Mail Armor
37:53 Leather Archer Armor
37:33 Bodkin Arrow
38:20 Elite Skirmisher
40:10 Chemistry
40:35 Thumb Ring
43:10 Bracer
47:45 Halberdier
47:46 Man-at-Arms
48:12 Arson
49:00 Long Swordsman
49:50 Two-Handed Swordsman
55:04 Light Cavalry
有福之人
10:34 Feudal Age
14:15 Castle Age
12:45 Double-Bit Axe
16:36 Stone Mining
17:25 Bow Saw
17:11 Horse Collar
20:33 Heavy Plow
21:26 Gold Mining
24:52 Stone Shaft Mining
24:53 Gold Shaft Mining
24:57 Wheelbarrow
24:10 Loom
24:12 Town Watch
30:34 Imperial Age
28:22 Hand Cart
29:03 Forging
28:59 Scale Barding Armor
28:55 Padded Archer Armor
28:45 Fletching
29:51 Tusk Swords
30:21 Herbal Medicine
31:05 Iron Casting
30:52 Chain Barding Armor
32:53 Chemistry
32:14 Ballistics
32:05 Masonry
31:53 Elite Ballista Elephant
32:58 Bloodlines
32:49 Husbandry
32:20 Light Cavalry
34:54 Blast Furnace
33:50 Bodkin Arrow
34:11 Leather Archer Armor
34:34 Plate Barding Armor
34:33 Caravan
35:04 Double Crossbow
36:27 Bracer
37:51 Ring Archer Armor
38:02 Architecture
45:35 Town Patrol
50:36 Hussar
64:10 Scale Mail Armor
63:45 Pikeman
64:28 Halberdier
66:05 Elite Skirmisher
MCGooser
4:55 Loom
12:33 Feudal Age
13:13 Double-Bit Axe
13:29 Horse Collar
20:16 Castle Age
19:38 Gold Mining
19:40 Stone Mining
21:17 Heavy Plow
21:57 Gold Shaft Mining
21:37 Bow Saw
21:38 Fletching
21:49 Padded Archer Armor
23:53 Pikeman
25:18 Leather Archer Armor
27:21 Arson
32:12 Imperial Age
32:55 Elite Longbowman
34:57 Bodkin Arrow
35:33 Ring Archer Armor
35:32 Yeomen
35:49 Heavy Scorpion
36:26 Halberdier
HoldMyB33rforme
1:42 Loom
12:06 Feudal Age
15:50 Castle Age
13:45 Double-Bit Axe
14:58 Horse Collar
17:20 Bow Saw
20:59 Wheelbarrow
22:16 Fletching
23:37 Hand Cart
23:10 Town Watch
25:15 Heavy Plow
25:34 Bodkin Arrow
25:50 Forging
25:36 Gambesons
27:49 Caravan
27:57 Gold Mining
28:01 Stone Mining
27:39 Pikeman
28:20 Squires
29:13 Iron Casting
28:43 Scale Mail Armor
33:05 Imperial Age
33:43 Chain Mail Armor
34:06 Kataparuto
34:08 Conscription
34:25 Hoardings
33:59 Halberdier
35:42 Blast Furnace
35:13 Plate Mail Armor
34:27 Treadmill Crane
34:58 Masonry
34:44 Murder Holes
35:13 Ballistics
35:00 Siege Engineers
35:01 Bracer
36:29 Two-Man Saw
36:10 Gold Shaft Mining
36:55 Chemistry
47:45 Man-at-Arms
48:17 Long Swordsman
50:34 Two-Handed Swordsman
54:37 Champion
65:09 Arson
dropshot
5:02 Loom
12:00 Feudal Age
12:35 Double-Bit Axe
12:34 Horse Collar
19:14 Castle Age
17:57 Man-at-Arms
20:23 Bow Saw
23:43 Forging
23:34 Scale Mail Armor
23:37 Heavy Plow
26:22 Caravan
27:38 Gold Mining
28:03 Stone Mining
29:08 Wheelbarrow
29:23 Gold Shaft Mining
31:01 Hand Cart
30:36 Town Watch
31:32 Iron Casting
31:13 Chain Mail Armor
30:48 Fletching
31:05 Scale Barding Armor
31:42 Detinets
32:34 Squires
32:41 Town Watch
33:01 Padded Archer Armor
36:34 Imperial Age
33:52 Town Watch
34:07 Long Swordsman
34:08 Pikeman
36:52 Chain Barding Armor
36:28 Bodkin Arrow
36:49 Leather Archer Armor
36:57 Ballistics
36:33 Murder Holes
36:49 Fortified Wall
39:07 Two-Man Saw
38:56 Plate Mail Armor
39:29 Blast Furnace
39:06 Plate Barding Armor
38:42 Town Patrol
39:27 Crop Rotation
38:31 Two-Handed Swordsman
38:40 Onager
40:04 Siege Onager
40:25 Capped Ram
40:30 Champion
41:48 Halberdier
42:05 Siege Ram
45:41 Conscription
45:23 Druzhina
44:45 Elite Boyar
46:01 Hoardings
46:40 Siege Engineers
46:46 Masonry
47:37 Chemistry
47:11 Ring Archer Armor
lavive3113
10:37 Feudal Age
9:00 Double-Bit Axe
11:47 Bow Saw
11:20 Horse Collar
12:54 Heavy Plow
16:31 Wheelbarrow
18:15 Hand Cart
21:26 Castle Age
20:53 Gold Mining
20:56 Stone Mining
22:14 Gold Shaft Mining
22:19 Stone Shaft Mining
23:43 Two-Man Saw
23:17 Crop Rotation
23:22 Caravan
33:29 Imperial Age
30:55 Town Watch
30:57 Loom
31:07 Treadmill Crane
31:48 Ballistics
31:19 Guard Tower
31:24 Fletching
35:39 Chemistry
34:26 Arrowslits
34:39 Murder Holes
34:55 Masonry
35:01 Burgundian Vineyards
35:17 Conscription
34:32 Pikeman
35:12 Squires
34:58 Arson
35:22 Town Patrol
35:46 Bodkin Arrow
35:52 Padded Archer Armor
35:52 Scale Mail Armor
37:08 Hoardings
36:09 Halberdier
37:34 Keep
37:09 Bracer
38:12 Leather Archer Armor
38:14 Chain Mail Armor
38:10 Forging
38:05 Scale Barding Armor
38:41 Architecture
39:27 Block Printing
39:11 Herbal Medicine
39:19 Devotion
39:38 Redemption
41:03 Plate Mail Armor
40:43 Scale Barding Armor
45:54 Elite Coustillier
47:47 Chain Barding Armor
48:03 Iron Casting
50:19 Plate Barding Armor
50:45 Blast Furnace
51:02 Elite Skirmisher
51:03 Crossbowman
53:39 Husbandry
53:00 Light Cavalry
53:00 Cavalier
55:58 Hussar
Connection lost

Rejoining the realm…

Still unreachable

The connection could not be restored.

Session expired

The server has moved on; the page needs a fresh start.